 Dungeon Crawl Stone Soup version 0.29-a0-789-g7a8fcbc185 (webtiles) character file.

Game seed: 13158704615095427187

1377 nxtlvl the Cleaver (level 8, 0/76 HPs)
             Began as a Naga Gladiator on July 2, 2022.
             Was a Believer of Cheibriados.
             Slain by a gnoll
             ... wielding a +0 club
             ... led by a gnoll sergeant
              (4 damage)
             ... on level 6 of the Dungeon.
             The game lasted 00:21:19 (1661 turns).

nxtlvl the Cleaver (Naga Gladiator)                 Turns: 1661, Time: 00:21:20

Health: 0/76       AC:  6    Str: 23    XL:     8   Next: 66%
Magic:  8/8        EV:  9    Int: 15    God:    Cheibriados [**....]
Gold:   118        SH:  0    Dex: 17    Spells: 7/7 levels left

rFire   . . .      SeeInvis +   a - +0 war axe
rCold   . . .      Faith    .   (no shield)
rNeg    . . .      Spirit   .   f - +0 scale mail
rPois   +          Reflect  .   c - +0 helmet
rElec   .          Harm     .   (no cloak)
rCorr   .          Rampage  .   (no gloves)
Will    +....                   (no barding)
Stlth   ..........              (no amulet)
HPRegen 0.22/turn               p - +4 ring of slaying
MPRegen 0.11/turn               (no ring)

@: very slow
A: AC +2, large, see invisible, deformed body, poison resistance, slowness 2,
spit poison 1, naga tail 1
a: Spit Poison, Renounce Religion, Bend Time


You were on level 6 of the Dungeon.
You worshipped Cheibriados.
Cheibriados was pleased with you.
You visited 2 branches of the dungeon, and saw 7 of its levels.

You collected 118 gold pieces.

Inventory:

Hand Weapons
 a - a +0 war axe (weapon)
Missiles
 d - 3 throwing nets
 e - a javelin
 n - 6 curare-tipped darts
 s - 18 poisoned darts (quivered)
Armour
 c - a +0 helmet (worn)
 f - a +0 scale mail (worn)
Jewellery
 p - a +4 ring of slaying (left hand)
Wands
 i - a wand of charming (5)
Scrolls
 b - a scroll of vulnerability
 j - a scroll of acquirement {unknown}
 k - a scroll of amnesia {unknown}
 l - 3 scrolls of fog
 m - a scroll of identify
 o - 3 scrolls of poison {unknown}
 q - a scroll of immolation {unknown}
 r - 2 scrolls of blinking
 t - a scroll of enchant armour {unknown}
Potions
 h - a potion of brilliance


   Skills:
 + Level 6.2 Fighting
 * Level 9.0 Axes
 - Level 1.7 Throwing
 - Level 2.4 Dodging


You had 7 spell levels left.
You didn't know any spells.
Your spell library contained the following spells:

 Spells                   Type           Power      Damage    Failure   Level
 Sublimation of Blood     Necr           0%         N/A       73%         2
 Wereblood                Tmut           0%         N/A       73%         2
 Conjure Flame            Conj/Fire      0%         6-21      91%         3
 Ignite Poison            Fire/Tmut/Pois 0%         N/A       91%         3
 Sticky Flame             Conj/Fire      0%         2d3       100%        4
 Summon Hydra             Summ           0%         N/A       100%        7


Dungeon Overview and Level Annotations

Branches:
Dungeon (6/15)             Temple (1/1) D:4

Altars:
Ashenzari
Cheibriados
Dithmenos
Elyvilon
Fedhas
Nemelex Xobeh
Qazlal
Ru
Sif Muna
Trog
Vehumet
Zin
The Shining One

Annotations:
D:5 Menkaure


Innate Abilities, Weirdness & Mutations

Your serpentine skin is tough. (AC +2)
You have supernaturally acute eyesight. (SInv)
Armour fits poorly on your strangely shaped body.
Your system is resistant to poisons. (rPois)
You cover ground very slowly.
You can spit poison.
You have a snake-like lower body.


Message History

The gnoll hits you with a +0 flail.
Your Axes skill increases to level 9!
Okay, then.
You slash the gnoll!
You kill the gnoll!
Cheibriados thoroughly appreciates the change of pace.
The gnoll hits you from afar with a +0 halberd!
A gnoll comes into view. It is wielding a +0 club.
The gnoll shouts!
The gnoll barely misses you. The gnoll hits you but does no damage.
The gnoll hits you with a +0 spear.
* * * LOW HITPOINT WARNING * * *
The gnoll hits you with a +0 halberd.
* * * LOW HITPOINT WARNING * * *
There is an open door, spattered with blood here.
You see here a +0 flail.
You slice the gnoll!!
You kill the gnoll!
Cheibriados appreciates the change of pace.
You barely miss the gnoll. The gnoll hits you with a +0 spear.
* * * LOW HITPOINT WARNING * * *
Unknown command.
You barely miss the gnoll. x2; The gnoll barely misses you.
The gnoll hits you with a +0 spear.
* * * LOW HITPOINT WARNING * * *
The gnoll closely misses you. The gnoll hits you but does no damage.
Unknown command.
You hit the gnoll.
The gnoll is moderately wounded.
You hit the gnoll. The gnoll hits you but does no damage.
The gnoll hits you with a +0 spear.
* * * LOW HITPOINT WARNING * * *
Unknown command.
You feel better. The gnoll hits you with a +0 club.
* * * LOW HITPOINT WARNING * * *
The gnoll closely misses you.
You barely miss the gnoll.
The gnoll is moderately wounded.
You closely miss the gnoll. The gnoll hits you with a +0 club.
You die...

......g...................†...
.............###.........#.§§.
..............###........##§§§
........#.....##.........###§.
..#...###....###........# ##§
......###....##........##....
.......#....#####.....##....#
....#..##..g#...#.........>..
...##...#..g@)..#.####.......
.##....##.##...##..........#
.........########...........#
....###..))..................
... #...)).................. .
.....###..#..............##
..... #####...>..........#
.....# ##...####.....## ..##.
#....#..#....##


You could see 2 gnolls.

Vanquished Creatures
  Grinder (D:5)
  A water moccasin (D:5)
  A black bear (D:5)
  4 ogres (D:5)
  A kobold brigand (D:6)
  A gnoll sergeant (D:6)
  A necrophage (D:5)
  3 scorpions (D:5)
  A howler monkey (D:6)
  A hound (D:6)
  An orc priest (D:6)
  An iguana (D:5)
  An orc wizard (D:6)
  2 gnolls (D:6)
  4 adders
  2 white imps
  2 worms
  5 dart slugs
  8 orcs
  4 ball pythons
  4 endoplasms
  6 goblins
  6 hobgoblins
  A quokka (D:2)
  5 bats
  2 frilled lizards (D:3)
  9 kobolds
  2 rats
80 creatures vanquished.

Notes
Turn   | Place    | Note
-------+----------+-------------------------------------------
     0 | D:1      | nxtlvl the Naga Gladiator began the quest for the Orb.
     0 | D:1      | Reached XP level 1. HP: 19/19 MP: 1/1
    82 | D:2      | Reached XP level 2. HP: 19/26 MP: 2/2
   228 | D:2      | Reached XP level 3. HP: 30/33 MP: 3/3
   318 | D:3      | Reached skill level 4 in Axes
   562 | D:4      | Found a staircase to the Ecumenical Temple.
   571 | Temple   | Entered the Ecumenical Temple
   649 | Temple   | Became a worshipper of Cheibriados the Contemplative
   674 | D:5      | Entered Level 5 of the Dungeon
   674 | D:5      | Noticed a scorpion
   674 | D:5      | Noticed an ogre
   732 | D:5      | Found a blossoming altar of Fedhas.
   767 | D:5      | Noticed a scorpion
   775 | D:5      | Killed a scorpion
   776 | D:5      | Reached XP level 4. HP: 35/42 MP: 4/4
   781 | D:5      | Noticed a water moccasin
   786 | D:5      | Killed a water moccasin
   787 | D:5      | Reached skill level 5 in Axes
   787 | D:5      | Reached XP level 5. HP: 44/50 MP: 5/5
   790 | D:5      | Reached XP level 6. HP: 50/57 MP: 6/6
   904 | D:6      | Reached skill level 6 in Axes
   927 | D:6      | Noticed a yak
   937 | D:5      | Noticed a black bear
   943 | D:5      | Killed a black bear
   944 | D:5      | Reached XP level 7. HP: 46/66 MP: 7/7
   950 | D:5      | Noticed Grinder
   963 | D:5      | Killed Grinder
   964 | D:5      | Reached skill level 7 in Axes
   995 | D:5      | Reached skill level 5 in Fighting
  1034 | D:5      | Reached * piety under Cheibriados
  1035 | D:5      | Reached XP level 8. HP: 31/75 MP: 8/8
  1067 | D:5      | Reached skill level 8 in Axes
  1084 | D:5      | Noticed Menkaure
  1178 | D:3      | Found a white marble altar of Elyvilon.
  1388 | D:6      | Noticed a yak
  1391 | D:6      | Noticed a yak
  1406 | D:6      | Reached ** piety under Cheibriados
  1536 | D:6      | Found a shadowy altar of Dithmenos.
  1655 | D:6      | Reached skill level 9 in Axes
  1659 | D:6      | HP: 3/76 [gnoll/+0 spear[a gnoll sergeant] (5)]
  1661 | D:6      | Slain by a gnoll

Illustrated notes

Levels and vault maps discovered:
D:1:      dpeg_arrival_fog, layout_loops_ring,
          dreamdust_ecumenical_altar_angels_and_demons, minmay_surrounded
D:2:      layout_rooms, minmay_3d_cube
D:3:      layout_rooms, mainiacjoe_overflow_tiny_flanked,
          kennysheep_generic_room_3
D:4:      layout_loops_ring, minmay_temple_entry_poolview
D:5:      layout_rooms, lemuel_coloured_pillars_altar, tgw_fedhas, minivault_25,
          uniq_menkaure, uniq_duvessa, uniq_grinder
D:6:      layout_cave_pools, mainiacjoe_overflow_alcove_2,
          nicolae_dithmenos_the_darkroom, doesnt_xom_only_xom,
          grunt_temple_overflow_open, eino_tiny_chamber
Temple:   hellmonk_temple_flake

Skill      XL: |  1  2  3  4  5  6  7  8 |
---------------+-------------------------+-----
Axes           | 4 5 6 7 9 |  9.0
Fighting       | 3 4 5 6 |  6.2
Throwing       | |  1.7
Dodging        | |  2.4

Action                   |  1- 3 |  4- 6 |  7- 9 || total
-------------------------+-------+-------+-------++-------
Melee: War axe           |    43 |    28 |    85 ||   156
       Punch             |       |       |     2 ||     2
Throw: Throwing net      |       |     1 |       ||     1
       Dart              |       |     1 |     4 ||     5
 Abil: Spit Poison       |    21 |     5 |     9 ||    35
  Use: Scroll            |       |       |    13 ||    13
       Potion            |       |       |     3 ||     3
Armor: Scale mail        |    15 |     8 |    37 ||    60
       Skin              |       |       |     3 ||     3
Dodge: Dodged            |    13 |    10 |    44 ||    67

Table legend: (Time is in decaauts)
 A = Elapsed time spent in this place.
 B = Non-inter-level travel time spent in this place.
 C = Inter-level travel time spent in this place.
 D = Time resting spent in this place.
 E = Time spent auto-exploring this place.
 F = Levels seen in this place.
 G = Mean time per level.
                   A        B        C        D        E       F      G
               +--------+--------+--------+--------+--------+-----+--------+
         Total |   2547 |   2382 |    165 |      2 |      0 |   7 |  363.9 |
       Dungeon |   2419 |   2272 |    147 |      2 |      0 |   6 |  403.2 |
        Temple |    128 |    111 |     17 |      0 |      0 |   1 |  128.0 |
               +--------+--------+--------+--------+--------+-----+--------+

Top non-repeatable levels by time:
     D:4: 548 daAuts
     D:5: 546 daAuts
     D:6: 527 daAuts
     D:2: 381 daAuts
     D:3: 361 daAuts
  Temple: 128 daAuts
     D:1: 53 daAuts
